 Dungeon Crawl Stone Soup version 0.20-a0-270-g8e735b6 (webtiles) character file.

275897 Lochraine the Executioner (level 20, -2/171 HPs)
             Began as a Hill Orc Monk on Dec 8, 2016.
             Was a High Priest of Makhleb.
             Splashed by an acid blob's acid (5 damage)
             ... created by the Royal Jelly
             ... on level 5 of the Pits of Slime on Dec 9, 2016.
             The game lasted 02:15:18 (35477 turns).

Lochraine the Executioner (Hill Orc Monk)          Turns: 35477, Time: 02:15:19

Health: -2/171     AC: 37    Str: 20    XL:     20   Next: 35%
Magic:  32/32      EV:  9    Int: 10    God:    Makhleb [*****.]
Gold:   2812       SH:  0    Dex: 12    Spells: 19/19 levels left

rFire  + + .     SeeInvis .     b - +8 executioner's axe (protect)
rCold  + + .     Gourm    .     A - +4 plate armour {rF+}
rNeg   + + .     Faith    .     (shield currently unavailable)
rPois  .         Spirit   .     s - +1 helmet of the Castellan {-Cast rF+ rN++ rCorr}
rElec  .         Reflect  .     L - +2 cloak
rCorr  +         Harm     .     k - +2 pair of gloves
MR     ++...     Rnd*Rage +     S - +0 pair of boots
Stlth  .......... NoCast   +    E - amulet of regeneration
                                w - ring of Hyest {*Corrode rC++ AC+3}
                                h - ring of protection from magic

@: very slightly contaminated
A: berserk 1, clumsy 1, frail 1, weak 1
}: 2/15 runes: serpentine, barnacled
a: Minor Destruction, Lesser Servant of Makhleb, Major Destruction, Greater
Servant of Makhleb, Renounce Religion


You were on level 5 of the Pits of Slime.
You worshipped Makhleb.
Makhleb was extremely pleased with you.
You were very hungry.

You visited 8 branches of the dungeon, and saw 38 of its levels.
You also visited: Ice Cave and Volcano.

You collected 3553 gold pieces.
You spent 741 gold pieces at shops.

Inventory:

Hand Weapons
 a - a +3 war axe of flaming
 b - a +8 executioner's axe of protection (weapon)
Armour
 k - a +2 pair of gloves (worn)
 s - the +1 helmet of the Castellan (worn) {-Cast rF+ rN++ rCorr}
   (You found it in a volcano)

   It protects you from fire.
   It greatly protects you from negative energy.
   It prevents spellcasting.
   It protects you from acid and corrosion.
 A - a +4 plate armour of fire resistance (worn)
 L - a +2 cloak (worn)
 S - a +0 pair of boots (worn)
Jewellery
 h - a ring of protection from magic (left hand)
 l - a +5 amulet of reflection
 n - an uncursed ring of flight
 w - the ring of Hyest (right hand) {*Corrode rC++ AC+3}
   (You found it on level 4 of the Shoals)

   [ring of protection]

   It affects your AC (+3).
   It greatly protects you from cold.
   It may corrode you when you take damage.
 x - the ring of Liberty {+Blink EV+1 Str+5}
   (You found it on level 6 of the Lair of Beasts)

   [ring of evasion]

   It affects your evasion (+1).
   It affects your strength (+5).
   It lets you blink.
 E - an amulet of regeneration (around neck)
 N - a +4 ring of slaying
Wands
 m - a wand of iceblast (2/15)
 r - a wand of iceblast (7/15)
 G - a wand of lightning (5/15)
 J - a wand of disintegration (6/24)
 M - a wand of digging (5/24)
 O - a wand of paralysis (11/24)
 R - a wand of acid (11/15)
 X - a wand of disintegration (0/24)
 Y - a wand of confusion (33/48)
Scrolls
 e - 2 scrolls of teleportation
 i - 2 scrolls of recharging
 o - 3 scrolls of identify
 q - 11 scrolls of remove curse
 y - 5 scrolls of magic mapping
 T - 2 scrolls of fear
 W - 3 scrolls of fog
 Z - 2 scrolls of holy word
Potions
 f - 4 potions of might
 j - a potion of agility
 v - 5 potions of magic
 z - a potion of brilliance
 B - 6 potions of flight
 I - 6 potions of curing
 P - 3 potions of berserk rage
 U - a potion of invisibility
 V - 3 potions of ambrosia
Miscellaneous
 H - a lamp of fire (inert)
Comestibles
 c - 11 bread rations
 p - 32 fruits
 u - 31 royal jellies
 D - 8 meat rations


   Skills:
 + Level 19.4 Fighting
 - Level 26.0 Axes
 + Level 17.9 Armour
 - Level 3.7 Dodging
 - Level 1.5 Stealth
   Level 4.0 Shields
 + Level 16.5 Invocations
 - Level 4.8 Evocations


You had 19 spell levels left.
You didn't know any spells.

Dungeon Overview and Level Annotations

Branches:
Dungeon (15/15)            Temple (1/1) D:4            Lair (6/6) D:9
 Shoals (4/4) Lair:4        Snake (4/4) Lair:4        Slime (5/5) Lair:6
    Orc (2/2) D:11            Elf (1/3) Orc:2        Vaults (0/5) D:14
 Depths (0/5) D:15

Altars:
Ashenzari
Cheibriados
Dithmenos
Elyvilon
Fedhas
Gozag
Hepliaklqana
Kikubaaqudgha
Makhleb
Nemelex Xobeh
Okawaru
Qazlal
Ru
Sif Muna
Trog
Uskayaw
Vehumet
Xom
Yredelemnul
Zin
The Shining One
Beogh
Jiyva

Shops:
Orc:2 *%}=   Shoals:2 :   Snake:1 (   Snake:2 [

Annotations:
D:12 exclusion: oklob plant, Sonja
Lair:3 exclusion: oklob plant
Slime:2 BattleRest's ghost, veteran MiFi
Slime:5 Royal Jelly


Innate Abilities, Weirdness & Mutations

You tend to lose your temper in combat.
You are clumsy. (Dex -2)
You are frail. (-10% HP)
You are weak. (Str -2)


Message History

* * * LOW HITPOINT WARNING * * *
You are splashed with acid!
The acid burns!
You resist.
* * * LOW HITPOINT WARNING * * *
Something hits your neqoxec!!!
Your neqoxec dies!
You feel much better. The acid blob hits you!
* * * LOW HITPOINT WARNING * * *
You are splashed with acid!
The acid burns!
You resist.
* * * LOW HITPOINT WARNING * * *
Okay, then.
As you read the scroll of fear, it crumbles to dust.
You assume a fearsome visage.
The acid blob resists with almost no effort. x4
The death ooze is unaffected.
The acid blob resists with almost no effort.
The acid blob hits you but does no damage.
The acid blob hits you!!
* * * LOW HITPOINT WARNING * * *
You are splashed with acid!
The acid burns!
You resist.
You die...

................#####.#####......
................# # ###...J
........... ## ##... ..........
#. #... ......... #.## ##..
......... ..# #.. ......... ##.#
#.. ......... ######.J#########.
......... #@JJ#J._.#2.ยง#....
......... #..J#.J.JJJ.J#.J.##.
........ ########..#########.
........ ##.# #.. ........ ..#
##. ........ #.## #. #. .. ## .


You could see the Royal Jelly, 3 acid blobs and 3 death oozes.

Vanquished Creatures
  Vashnia (Snake:3)
  A kraken (Shoals:1)
  Gastronok (Orc:1)
  Polyphemus (Shoals:4)
  18 acid blobs
  Roxanne (D:14)
  4 nagarajas
  Kirke (Lair:5)
  Ilsuiw (Shoals:4)
  A frost giant (Shoals:4)
  8 azure jellies
  2 orc warlords
  2 entropy weavers (Lair:5)
  8 merfolk impalers
  5 merfolk javelineers (Shoals:4)
  5 death oozes
  4 great orbs of eyes
  7 hydras
  A catoblepas (Shoals:4)
  3 merfolk avatars
  9 anacondas
  A death knight (D:14)
  19 naga warriors
  6 merfolk aquamancers
  3 centaur warriors
  An alligator snapping turtle (Shoals:4)
  An ogre mage (D:15)
  2 satyrs
  A queen ant (Lair:5)
  3 orc high priests (Orc:2)
  22 naga sharpshooters
  7 death yaks
  2 tengu warriors (D:15)
  7 shock serpents
  2 deep elf knights
  Urug (Lair:4)
  40 slime creatures
  3 salamander mystics
  2 skeletal warriors (D:14)
  5 sea snakes
  8 naga ritualists
  3 hill giants
  Pikel (D:5)
  8 harpies (Shoals:4)
  2 deep elf magi
  13 mana vipers
  5 orc knights (Orc:2)
  2 ugly things
  3 orc sorcerers (Orc:2)
  3 shining eyes
  7 cyclopes
  9 merfolk sirens
  9 salamanders
  13 manticores
  10 fauns
  6 guardian serpents
  8 water nymphs
  8 elephants
  41 black mambas
  22 naga magi
  11 spiny frogs
  4 gargoyles
  5 centaur skeletons
  2 kobold demonologists
  5 rime drakes
  3 efreet
  A freezing wraith (D:14)
  15 komodo dragons
  4 yaktaurs (D:14)
  4 trolls
  2 tengu conjurers (D:13)
  8 two-headed ogres
  22 merfolk
  2 queen bees
  17 polar bears
  2 hornets
  4 raiju (Lair:6)
  4 wind drakes
  Prince Ribbit (D:7)
  11 dream sheep
  9 snapping turtles
  28 blink frogs
  16 hippogriffs
  A meliai zombie (D:13)
  A shadow (D:12)
  5 water elementals
  4 wraiths
  2 fire bats (Volcano)
  4 wyverns
  2 basilisks
  43 yaks
  4 hungry ghosts
  3 hogs (Lair:4)
  4 vampire mosquitoes (D:13)
  18 soldier ants
  5 wargs
  66 nagas
  9 water moccasins
  Duvessa (D:4)
  33 orc warriors
  13 hell hounds
  4 sky beasts
  8 porcupines
  4 phantoms
  6 eyes of draining
  3 ice beasts
  11 black bears (Lair:6)
  2 necrophages
  22 ogres
  32 wolves
  9 centaurs
  10 crocodiles
  4 big kobolds (D:14)
  18 bullfrogs
  Dowan (D:4)
  A wyvern zombie (D:8)
  3 scorpions
  A wyvern skeleton (D:14)
  45 killer bees
  An oklob sapling (D:12)
  9 wights (D:13)
  2 electric eels (D:10)
  10 howler monkeys
  2 jellies
  3 centaur zombies
  2 bullfrog zombies
  2 quasits
  8 crimson imps
  5 hounds
  16 orc priests
  A bullfrog skeleton (D:5)
  24 orc wizards
  4 iguanas
  5 hell rats
  26 worker ants
  A hound zombie (D:10)
  Robin (D:2)
  A worker ant zombie (D:10)
  4 gnolls (D:4)
  16 adders
  A hound simulacrum (D:10)
  2 shadow imps
  4 white imps (D:10)
  A worker ant simulacrum (D:10)
  An ufetubus (D:10)
  An ooze (D:1)
  An adder zombie (D:9)
  2 adder skeletons
  3 dart slugs
  7 leopard geckos
  76 orcs
  5 giant cockroaches
  12 goblins
  12 hobgoblins
  12 jackals
  9 quokkas
  7 ball pythons
  A ball python skeleton (D:6)
  2 bats
  4 frilled lizards
  A jackal skeleton (D:4)
  10 kobolds
  A leopard gecko skeleton (D:4)
  A quokka skeleton (D:6)
  5 rats
  2 fungi (Lair:5)
  7 plants
  3 tentacles (Shoals:1)
1311 creatures vanquished.

Vanquished Creatures (collateral kills)
  Frances (D:14)
  2 acid blobs (Slime:5)
  2 nagarajas (Snake:4)
  A frost giant (D:15)
  A dire elephant (Lair:6)
  Snorg (D:12)
  A merfolk impaler (Shoals:2)
  3 great orbs of eyes
  2 naga warriors
  A merfolk avatar (Shoals:2)
  3 anacondas (Snake:4)
  An orc high priest (Orc:2)
  2 shock serpents (Snake:4)
  2 naga sharpshooters (Snake:4)
  Nergalle (Orc:1)
  An obsidian statue (D:12)
  A naga ritualist (Snake:4)
  A hill giant (D:10)
  A mana viper (Snake:4)
  A salamander (Snake:2)
  2 orc sorcerers
  5 black mambas
  Joseph (D:7)
  A merfolk siren (Shoals:4)
  A naga mage (Snake:4)
  A guardian serpent (Snake:4)
  2 centaur skeletons (D:14)
  A yaktaur (D:14)
  4 merfolk (Shoals:2)
  3 polar bears (Lair:6)
  A troll (D:10)
  5 slime creatures (Slime:2)
  A dream sheep (Shoals:2)
  A hippogriff (D:10)
  A hog (Lair:4)
  A hungry ghost (D:7)
  5 soldier ants (Lair:5)
  6 nagas
  A warg (Lair:6)
  A porcupine (Lair:4)
  A hell hound (Lair:6)
  An eye of draining (Slime:5)
  An ogre (D:10)
  A centaur (D:12)
  2 crocodiles (Lair:4)
  2 bullfrogs (Lair:4)
  A killer bee (D:12)
  A hound (D:14)
  12 worker ants
  A kobold (D:14)
  A plant (Shoals:2)
97 creatures vanquished.

Vanquished Creatures (others)
  A two-headed ogre (Volcano)
  A wind drake (Shoals:3)
  A water elemental (Shoals:3)
  A slave (D:5)
  An orc wizard (D:7)
  An orc (D:5)
  A kobold (D:14)
  3 fungi
  23 plants
  5 tentacles (Shoals:1)
38 creatures vanquished.

Grand Total: 1446 creatures vanquished

Notes
Turn   | Place    | Note
-------+----------+-------------------------------------------
     0 | D:1      | Lochraine the Hill Orc Monk began the quest for the Orb.
     0 | D:1      | Reached XP level 1. HP: 19/19 MP: 1/1
   197 | D:1      | Reached XP level 2. HP: 16/27 MP: 2/2
   931 | D:1      | Reached skill level 5 in Axes
   931 | D:1      | Reached XP level 3. HP: 33/33 MP: 3/3
  1166 | D:2      | Noticed Robin
  1575 | D:2      | Killed Robin
  1575 | D:2      | Reached XP level 4. HP: 19/40 MP: 4/4
  2076 | D:2      | Reached skill level 1 in Armour
  2085 | D:2      | Reached skill level 6 in Axes
  2641 | D:3      | Found a faded altar of an unknown god.
  2861 | D:3      | Noticed a hungry ghost
  3379 | D:4      | Reached XP level 5. HP: 36/47 MP: 5/5
  3407 | D:4      | Found a staircase to the Ecumenical Temple.
  3414 | Temple   | Entered the Ecumenical Temple
  3630 | Temple   | Became a worshipper of Makhleb the Destroyer
  3630 | Temple   | Reached * piety under Makhleb
  3630 | Temple   | Reached ** piety under Makhleb
  4090 | D:4      | Noticed a phantom
  4174 | D:4      | Reached skill level 1 in Invocations
  4187 | D:4      | Killed a phantom
  4187 | D:4      | Reached skill level 5 in Fighting
  4187 | D:4      | Reached XP level 6. HP: 56/56 MP: 5/7
  4194 | D:4      | Reached skill level 7 in Axes
  4284 | D:4      | Noticed a phantom
  4368 | D:4      | Killed a phantom
  4622 | D:4      | Noticed Duvessa
  4622 | D:4      | Noticed Dowan
  4640 | D:4      | Killed Duvessa
  4640 | D:4      | Reached XP level 7. HP: 61/61 MP: 7/9
  4660 | D:4      | Killed Dowan
  4660 | D:4      | Reached skill level 8 in Axes
  4839 | D:4      | Found a snail-covered altar of Cheibriados.
  5068 | D:5      | Entered Level 5 of the Dungeon
  5192 | D:5      | Noticed Pikel
  5252 | D:5      | Killed Pikel
  5252 | D:5      | Reached skill level 9 in Axes
  5252 | D:5      | Reached XP level 8. HP: 51/71 MP: 9/11
  5614 | D:5      | Reached skill level 5 in Invocations
  5987 | D:5      | Reached skill level 10 in Axes
  6141 | D:6      | Found a deep blue altar of Sif Muna.
  6145 | D:6      | Found a hide-covered altar of Uskayaw.
  6155 | D:6      | Found a white marble altar of Elyvilon.
  6194 | D:6      | Reached XP level 9. HP: 79/79 MP: 13/13
  6297 | D:6      | Found a bloodstained altar of Trog.
  6355 | D:6      | Reached skill level 5 in Armour
  6467 | D:6      | Reached *** piety under Makhleb
  6946 | D:7      | Noticed Prince Ribbit
  6962 | D:7      | Killed Prince Ribbit
  6962 | D:7      | Reached skill level 11 in Axes
  7157 | D:7      | Noticed Joseph
  7193 | D:7      | Killed Joseph
  7578 | D:8      | Noticed a two-headed ogre
  7583 | D:8      | Killed a two-headed ogre
  7583 | D:8      | Reached skill level 12 in Axes
  7583 | D:8      | Reached XP level 10. HP: 90/90 MP: 15/15
  7680 | D:8      | Paralysed by a hornet for 1 turns
  7684 | D:8      | Paralysed by a hornet for 2 turns
  8327 | D:9      | Found an ancient bone altar of Kikubaaqudgha.
  8423 | D:9      | Reached skill level 1 in Shields
  8530 | D:9      | Found a sparkling altar of Nemelex Xobeh.
  8745 | D:9      | Found a staircase to the Lair.
  8988 | D:9      | Found a shadowy altar of Dithmenos.
  9010 | D:9      | Found a shadowy altar of Dithmenos.
  9293 | D:10     | Entered Level 10 of the Dungeon
  9314 | D:10     | Found an iron altar of Okawaru.
  9350 | D:10     | Reached **** piety under Makhleb
  9353 | D:10     | Reached skill level 13 in Axes
  9439 | D:10     | Reached XP level 11. HP: 66/97 MP: 17/17
  9678 | D:10     | Identified the +9 hunting sling of Sunlight {venom, +Inv MR++ Dex-3 SInv} (You found it on level 10 of the Dungeon)
  9772 | D:10     | Noticed a hill giant
  9799 | D:10     | Killed a hill giant
 10139 | D:10     | Reached skill level 14 in Axes
 10421 | D:11     | Noticed a hill giant
 10426 | D:11     | Killed a hill giant
 10426 | D:11     | Reached skill level 10 in Fighting
 10508 | D:11     | Reached ***** piety under Makhleb
 10525 | D:11     | Reached skill level 10 in Invocations
 10531 | D:11     | Found a staircase to the Orcish Mines.
 10758 | D:11     | Found a roughly hewn altar of Beogh.
 10904 | D:11     | Noticed a cyclops
 10916 | D:11     | Killed a cyclops
 11016 | Lair:1   | Entered Level 1 of the Lair of Beasts
 11016 | Lair:1   | Noticed a four-headed hydra
 11026 | Lair:1   | Killed a one-headed hydra
 11027 | Lair:1   | Upgraded the game from 0.20-a0-269-g17f5411 to 0.20-a0-270-g8e735b6
 11143 | Lair:1   | Found a glowing silver altar of Zin.
 11209 | Lair:1   | Found a frozen archway.
 11226 | IceCv    | Entered an ice cave
 11262 | IceCv    | Reached skill level 15 in Axes
 11325 | IceCv    | Reached XP level 12. HP: 100/107 MP: 19/19
 11894 | Lair:1   | Reached skill level 16 in Axes
 12204 | Lair:2   | You fall through a shaft for 2 floors!
 12219 | Lair:4   | Noticed Urug
 12237 | Lair:4   | Killed Urug
 12237 | Lair:4   | Reached skill level 1 in Evocations
 12259 | Lair:4   | Noticed Kirke
 12566 | Lair:3   | Reached skill level 10 in Armour
 12936 | Lair:2   | Reached XP level 13. HP: 117/117 MP: 22/22
 12962 | Lair:2   | Reached ****** piety under Makhleb
 14735 | Lair:4   | Identified a scroll of acquirement
 14859 | Lair:4   | Found a staircase to the Snake Pit.
 15096 | Lair:4   | Found a staircase to the Shoals.
 15863 | Lair:5   | Reached XP level 14. HP: 118/127 MP: 24/24
 15923 | Lair:5   | Got a scorched ring mail
 15934 | Lair:5   | Identified the +2 ring mail "Cewydghy" {Str+4} (You found it on level 5 of the Lair of Beasts)
 16004 | Lair:5   | Noticed an entropy weaver
 16035 | Lair:5   | Reached skill level 17 in Axes
 16083 | Lair:5   | Killed an entropy weaver
 16107 | Lair:5   | Killed Kirke
 16376 | Lair:5   | Noticed an entropy weaver
 16383 | Lair:5   | Killed an entropy weaver
 16601 | Lair:6   | Entered Level 6 of the Lair of Beasts
 16980 | Lair:6   | Found a staircase to the Slime Pits.
 17257 | Lair:6   | Reached skill level 18 in Axes
 17289 | Lair:6   | Noticed a dire elephant
 17310 | Lair:6   | Killed a dire elephant
 17369 | Lair:6   | Got a faintly humming crystal plate armour
 17383 | Lair:6   | Identified the +0 crystal plate armour of Xom's Esteem {rF+ Str+2} (You found it on level 6 of the Lair of Beasts)
 17460 | Lair:6   | Got a shimmering jade ring
 17631 | Lair:6   | Identified the ring of Liberty {+Blink EV+1 Str+5} (You found it on level 6 of the Lair of Beasts)
 17776 | D:10     | Reached XP level 15. HP: 137/137 MP: 26/26
 17932 | D:12     | Noticed Snorg
 17941 | D:12     | Killed Snorg
 17941 | D:12     | Reached skill level 15 in Invocations
 18122 | D:12     | Noticed Sonja
 19178 | D:13     | Reached skill level 19 in Axes
 19465 | D:14     | Noticed Roxanne
 19479 | D:14     | Killed Roxanne
 20156 | D:14     | Noticed Frances
 20165 | D:14     | Killed Frances
 20445 | D:14     | Found a sacrificial altar of Ru.
 20644 | D:14     | Found a gate to the Vaults.
 20681 | D:15     | Entered Level 15 of the Dungeon
 21216 | D:15     | Found a staircase to the Depths.
 21216 | D:15     | Noticed a frost giant
 21229 | D:15     | Killed a frost giant
 21229 | D:15     | Reached XP level 16. HP: 68/147 MP: 28/28
 21542 | Orc:1    | Entered Level 1 of the Orcish Mines
 21589 | Orc:1    | Reached skill level 20 in Axes
 21594 | Orc:1    | Noticed Nergalle
 21618 | Orc:1    | Killed Nergalle
 21802 | Orc:1    | Noticed Gastronok
 21810 | Orc:1    | Killed Gastronok
 21989 | Orc:2    | Entered Level 2 of the Orcish Mines
 22103 | Orc:2    | Found a dark tunnel.
 22111 | Volcano  | Entered a volcano
 22155 | Volcano  | Reached skill level 15 in Fighting
 22272 | Volcano  | Got a dazzling helmet
 22288 | Volcano  | Identified the +1 helmet of the Castellan {-Cast rF+ rN++ rCorr} (You found it in a volcano)
 22880 | Orc:2    | Found a staircase to the Elven Halls.
 23027 | Orc:2    | Paralysed by an orc sorcerer for 2 turns
 23044 | Orc:2    | Found Uvves's Assorted Antiques.
 23044 | Orc:2    | Found Bedu's Jewellery Emporium.
 23060 | Orc:2    | Found Kiafoh's Food Boutique.
 23060 | Orc:2    | Found Rakualif's Gadget Emporium.
 23066 | Orc:2    | Bought a scroll of identify for 68 gold pieces
 23066 | Orc:2    | Bought a scroll of identify for 68 gold pieces
 23066 | Orc:2    | Bought a scroll of blinking for 255 gold pieces
 23208 | Orc:1    | Found a roughly hewn altar of Beogh.
 23443 | Elf:1    | Entered Level 1 of the Elven Halls
 23797 | Shoals:1 | Entered Level 1 of the Shoals
 23892 | Shoals:1 | Noticed a kraken
 23902 | Shoals:1 | Killed a kraken
 24259 | Shoals:1 | Reached skill level 21 in Axes
 25058 | Shoals:2 | Reached XP level 17. HP: 140/158 MP: 29/29
 25105 | Shoals:2 | Found Yvaud's Book Shop.
 25816 | Shoals:4 | Entered Level 4 of the Shoals
 25967 | Shoals:4 | Noticed Ilsuiw
 25982 | Shoals:4 | Reached skill level 22 in Axes
 26002 | Shoals:4 | Killed Ilsuiw
 26097 | Shoals:4 | Reached skill level 15 in Armour
 26099 | Shoals:4 | Noticed Polyphemus
 26137 | Shoals:4 | Killed Polyphemus
 26533 | Shoals:4 | Got a pitted steel ring
 26535 | Shoals:4 | Identified the ring of Hyest {*Corrode rC++ AC+3} (You found it on level 4 of the Shoals)
 26628 | Shoals:4 | Got a barnacled rune of Zot
 27120 | Snake:1  | Entered Level 1 of the Snake Pit
 27244 | Snake:1  | Reached skill level 23 in Axes
 27305 | Snake:1  | Reached XP level 18. HP: 168/168 MP: 30/30
 27308 | Snake:1  | Found Afi Uf Vow's Antique Weapon Emporium.
 27909 | Snake:2  | Found Ihega's Armour Shop.
 29452 | Snake:3  | Noticed Vashnia
 29548 | Snake:3  | Killed Vashnia
 29548 | Snake:3  | Reached skill level 24 in Axes
 30245 | Snake:4  | Entered Level 4 of the Snake Pit
 30371 | Snake:4  | Found a shadowy altar of Dithmenos.
 31281 | Snake:4  | Reached XP level 19. HP: 179/179 MP: 31/31
 31389 | Snake:4  | Identified Hairais's Compendium of Creative Flames
 31918 | Snake:4  | Reached skill level 25 in Axes
 32770 | Snake:4  | Got a serpentine rune of Zot
 33240 | Orc:2    | Bought an uncursed ring of protection from magic for 350 gold pieces
 33485 | Slime:1  | Entered Level 1 of the Pits of Slime
 33660 | Slime:2  | Noticed BattleRest's ghost (veteran MiFi)
 33945 | Slime:4  | Gained mutation: Scrolls take you a little longer to read. [a shining eye]
 33999 | Slime:5  | Entered Level 5 of the Pits of Slime
 34011 | Slime:5  | Gained mutation: Armour fits poorly on your strangely shaped body. [a shining eye]
 34013 | Slime:5  | Lost mutation: Scrolls take you a little longer to read. [potion of cure mutation]
 34013 | Slime:5  | Lost mutation: Armour fits poorly on your strangely shaped body. [potion of cure mutation]
 34073 | Slime:5  | Reached XP level 20. HP: 143/189 MP: 15/32
 34169 | Slime:5  | Reached skill level 26 in Axes
 34467 | Slime:5  | Noticed the Royal Jelly
 35310 | Slime:4  | Gained mutation: You are clumsy. (Dex -2) [a shining eye]
 35312 | Slime:4  | Gained mutation: You are frail. (-10% HP) [a shining eye]
 35314 | Slime:4  | Gained mutation: You tend to lose your temper in combat. [a shining eye]
 35318 | Slime:4  | Gained mutation: You are weak. (Str -2) [a shining eye]
 35466 | Slime:5  | Found a viscous altar of Jiyva.
 35477 | Slime:5  | HP: 3/171 [acid blob[the Royal Jelly] (22)]
 35477 | Slime:5  | Splashed by an acid blob's acid

Vault maps used:
D:1:      ncdulo_halloftheorcs, kennysheep_flooded_box
D:2:      first_bread, uniq_robin
D:3:      chequers_ecumenical_altar_grove
D:4:      cheibrodos_greedy_goblins, lemuel_coloured_pillars_altar, uniq_duvessa
D:5:      uniq_pikel
D:6:      kennysheep_little_box, grunt_temple_overflow_open,
          hangedman_decor_growths
D:7:      cheibrodos_iron_armory, uniq_joseph, uniq_prince_ribbit1
D:9:      lemuel_round_altar, nicolae_overflow_crystal_walls, marbit_many_paths,
          lair_entry_dummy, basic_altar
D:10:     basic_altar, serial_ice, serial_ice_j, serial_ice_b, serial_ice_g,
          serial_ice_c, serial_ice_a, serial_ice_o
D:11:     minmay_orc_entry_temple_small
D:12:     minmay_statue_hallways, david_nohive_1, introduction_to_nature_2,
          uniq_snorg, uniq_sonja
D:14:     hangedman_vaults_entry_quadrant_bands,
          nicolae_ru_the_path_less_chosen, uniq_roxanne, uniq_frances
D:15:     grunt_enter_depths_snipers
Temple:   nicolae_temple_figure_eight
Lair:1:   basic_altar, portal_ice_cave_entry_pillars_1, lemuel_fruit_fields
Lair:2:   regret_index_bee_streams, grunt_megastairs_2
Lair:3:   serial_bayou_shore_b, grunt_megastairs_4, infiniplex_staircase_pool
Lair:4:   elwin_shoals_entry_rocks, dummy_snake_entry,
          small_statue_intersection, lemuel_fruit_fields, uniq_kirke, uniq_urug
Lair:5:   zaba_anthell
Lair:6:   hangedman_lair_caniforms_friends, slime_dummy
Shoals:2: cheibrodos_shoals_oceanic_diplomacy, nicolae_shoals_c_island
Shoals:4: shoals_end_grunt_ice, shoal_ilsuiw, uniq_polyphemus
Snake:1:  spider_trap, grunt_ministairs_6, serial_bayou_pond_a,
          basic_loot_grate_trap, st_stairs_14, nicolae_snake_round_shape_thing,
          minmay_shop_star
Snake:2:  kennysheep_six_static_rooms, serial_shops, shop
Snake:3:  lemuel_fruit_tree, serial_bayou_shore_b, uniq_vashnia
Snake:4:  johnstein_snake_rune_scales, basic_altar
Orc:1:    basic_altar, uniq_gastronok, uniq_nergalle
Orc:2:    grunt_orc_tribal_feast, lightli_volcano_entry_magma_tube, elf_legates
Elf:1:    eino_elf_arrival_sip, serial_shops, shop_scrolls,
          hangedman_elf_disciples
IceCv:    ice_cave_caverns_01
Volcano:  volcano_village

Skill      XL: |  1  2  3  4  5  6  7  8  9 10 11 12 13 14 15 16 17 18 19 20 |
---------------+-------------------------------------------------------------+-----
Fighting       | 4 5 6 7 8 9 10 11 12 13 14 15 16 17 18 19 | 19.4
Axes           | 5 6 7 9 10 12 13 15 16 18 19 21 23 24 25 26 | 26.0
Armour         | 1 2 4 6 7 9 10 11 12 13 14 15 16 17 | 17.9
Invocations    | 1 2 4 5 7 9 10 12 13 14 16 | 16.5
Shields        | 3 4 |  4.0
Evocations     | 3 4 |  4.8
Dodging        | 3 |  3.7
Stealth        | |  1.5

Action                   |  1- 3 |  4- 6 |  7- 9 | 10-12 | 13-15 | 16-18 | 19-21 || total
-------------------------+-------+-------+-------+-------+-------+-------+-------++-------
Melee: Hand axe          |   140 |   171 |   483 |       |       |       |       ||   794
       Mace              |       |   112 |       |       |       |       |       ||   112
       War axe           |       |       |       |   631 |   298 |       |       ||   929
       Unarmed           |       |       |       |     1 |       |       |       ||     1
       Executioner's axe |       |       |       |       |   775 |  1211 |   554 ||  2540
Throw: Tomahawk          |       |       |     1 |       |       |       |       ||     1
Invok: Minor Destruction |       |     6 |    45 |    50 |    20 |     5 |    10 ||   136
       Lesser Servant of |       |       |     2 |     6 |     1 |       |     7 ||    16
       Greater Servant o |       |       |       |       |     7 |    11 |    11 ||    29
       Major Destruction |       |       |       |       |       |       |     5 ||     5
 Abil: Evoke Flight      |       |       |       |       |       |    11 |       ||    11
Evoke: Wand              |       |       |       |     1 |       |     5 |    11 ||    17
       Lamp of fire      |       |       |       |       |       |       |     1 ||     1
       Phantom mirror    |       |       |       |       |       |       |     1 ||     1
  Use: Potion            |     3 |     4 |     2 |     1 |     4 |     5 |    11 ||    30
       Scroll            |       |     2 |     8 |    10 |    17 |     9 |     8 ||    54
 Stab: Sleeping          |     1 |       |       |       |       |       |       ||     1
       Distracted        |       |       |       |       |     5 |     2 |     2 ||     9
       Petrified         |       |       |       |       |       |     3 |       ||     3
  Eat: Chunk             |    13 |     5 |     8 |    19 |    24 |    30 |       ||    99
       Pizza             |       |       |       |     1 |       |     1 |     1 ||     3
       Beef jerky        |       |       |       |       |     1 |     3 |     4 ||     8
       Bread ration      |       |       |       |       |     1 |       |     1 ||     2
Armor: Robe              |    10 |       |       |       |       |       |       ||    10
       Ring mail         |    13 |       |       |       |     1 |       |       ||    14
       Chain mail        |    36 |   222 |   209 |    65 |       |   516 |       ||  1048
       Skin              |       |       |     2 |       |       |       |       ||     2
       Plate armour      |       |       |       |   281 |   494 |   376 |   353 ||  1504
       Crystal plate arm |       |       |       |       |   445 |    47 |       ||   492
Dodge: Dodged            |    88 |   118 |   142 |   160 |   486 |   539 |   150 ||  1683
Block: Buckler           |       |       |       |   107 |    53 |       |       ||   160
       Other             |       |       |       |       |       |    57 |    70 ||   127
       Reflection        |       |       |       |       |       |     6 |    10 ||    16
